 Seeded DCSS version 0.32-a0-35-gd9ff480968 (webtiles) character file.

Game seed: 9872065412798756122 (custom seed)

60175 timneilson the Grappler (level 14, -22/101 HPs)
             Began as an Octopode Shapeshifter on Jan 21, 2024.
             Was an Initiate of Gozag.
             Annihilated by an orc warlord
             ... wielding a +2 heavy dire flail
              (36 damage)
             ... on level 2 of the Orcish Mines.
             The game lasted 01:15:26 (21400 turns).

timneilson the Grappler (Octopode Shapeshifter)    Turns: 21400, Time: 01:15:28

Health: -22/101    AC:  4    Str: 23    XL:     14   Next: 98%
Magic:  21/21      EV: 20    Int: 14    God:    Gozag
Gold:   1185       SH:  5    Dex: 17    Spells: 11/22 levels left

rFire   + +          .
                       - Unarmed
rCold   + + .        (shield currently unavailable)
rNeg    + . .        m - +3 crown of Dyrovepreva {rElec Int+2 SInv}
rPois   +            v - amulet of the Philosopher {Reflect rPois rF+ rC+ Int-5 SH+5}
rElec   +            k - ring of Moahun {Dex+4 SInv}
rCorr   .            D - ring of Casuq {Str+6 Int+5}
SInv    +            E - ring of Beogh's Regard {rPois Will+}
Will    +++..        L - ring of protection from fire
Stlth   ++++++       M - ring of protection from cold
HPRegen 0.36/turn    u - ring of wizardry
MPRegen 0.17/turn    J - ring of willpower
                     O - ring of positive energy

%: reflection, wizardry (x1)
@: blade tentacles
A: almost no armour, amphibious, 8 rings, camouflage 1, gelatinous body 1,
(nimble swimmer 1), tentacles
a: Begin Untransformation, Renounce Religion, Potion Petition, Call Merchant,
Bribe Branch


You were on level 2 of the Orcish Mines.
You worshipped Gozag.
Gozag was most pleased with you.
You had blades for main tentacles.
You visited 3 branches of the dungeon, and saw 16 of its levels.
You also visited: Volcano.

You collected 5365 gold pieces.
You spent 3347 gold pieces at shops.
You paid 833 gold pieces to Gozag.

Inventory:

Missiles
 d - 36 poisoned darts (quivered)
 z - 6 curare-tipped darts
 F - 4 throwing nets
Armour
 m - the +3 crown of Dyrovepreva (worn) {rElec Int+2 SInv}
   (You acquired it on level 6 of the Dungeon)

   Int+2:     It affects your intelligence (+2).
   rElec:     It insulates you from electricity.
   SInv:      It lets you see invisible.
Jewellery
 k - the ring of Moahun (left blade tentacle) {Dex+4 SInv}
   (You acquired it on level 5 of the Dungeon)

   [ring of see invisible]

   Dex+4:     It affects your dexterity (+4).
   SInv:      It lets you see invisible.
 u - a ring of wizardry (on tentacle)
 v - the amulet of the Philosopher (around mantle) {Reflect rPois rF+ rC+ Int-5 SH+5}
   (You acquired it on level 6 of the Dungeon)

   [amulet of reflection]

   Reflect:   It reflects blocked missile attacks.
   Int-5:     It affects your intelligence (-5).
   rF+:       It protects you from fire.
   rC+:       It protects you from cold.
   rPois:     It protects you from poison SH+5: It affects your SH (+5).
 D - the ring of Casuq (right blade tentacle) {Str+6 Int+5}
   (You took it off a centaur on level 7 of the Dungeon)

   [ring of strength]

   Str+6:     It affects your strength (+6).
   Int+5:     It affects your intelligence (+5).
 E - the ring of Beogh's Regard (on tentacle) {rPois Will+}
   (You bought it in a shop on level 8 of the Dungeon)

   [ring of willpower]

   rPois:     It protects you from poison Will+: It increases your willpower.
 J - a ring of willpower (on tentacle)
 L - a ring of protection from fire (on tentacle)
 M - a ring of protection from cold (on tentacle)
 O - a ring of positive energy (on tentacle)
Talismans
 b - a beast talisman
 c - a flux talisman
 p - a talisman of death
 y - a dragon-blood talisman
 G - a blade talisman (active)
Wands
 w - a wand of iceblast (6)
 x - a wand of paralysis (7)
 C - a wand of flame (5)
Scrolls
 f - 5 scrolls of revelation
 g - 7 scrolls of teleportation
 h - 2 scrolls of fear
 j - 2 scrolls of brand weapon
 l - 4 scrolls of poison
 n - 3 scrolls of amnesia
 t - a scroll of fog
 I - a scroll of enchant armour
 Q - a scroll of blinking
 S - a scroll of immolation
Potions
 a - a potion of lignification
 e - 3 potions of magic
 i - 2 potions of enlightenment
 o - 3 potions of brilliance
 q - 5 potions of curing
 r - 3 potions of mutation
 s - 2 potions of invisibility
 B - a potion of resistance
 K - 3 potions of attraction
 P - 3 potions of haste


   Skills:
 * Level 11.1 Fighting
 * Level 11.4 Dodging
 + Level 11.4 Stealth
 * Level 11.6 Unarmed Combat
 + Level 4.7 Spellcasting
 + Level 4.2 Translocations
 + Level 3.8 Air Magic
 - Level 3.0 Earth Magic
 + Level 7.7 Evocations
 * Level 10.6 Shapeshifting


You had 11 spell levels left.
You knew the following spells:

 Your Spells              Type           Power      Damage    Failure   Level
a - Passwall              Erth           11%        N/A       6%          3
b - Swiftness             Air            13%        N/A       4%          3
c - Blink                 Tloc           30%        N/A       1%          2
d - Lesser Beckoning      Tloc           30%        N/A       1%          2
e - Apportation           Tloc           30%        N/A       1%          1

Your spell library contained the following spells:

 Spells                   Type           Power      Damage    Failure   Level
 Momentum Strike          Conj/Tloc      18%        3d8       4%          2
 Call Imp                 Summ           6%         N/A       11%         2
 Ensorcelled Hibernation  Hex/Ice        6%         N/A       11%         2
 Jinxbite                 Hex            6%         N/A       11%         2
 Sublimation of Blood     Necr           3%         N/A       11%         2
 Summon Lightning Spire   Summ/Air       8%         N/A       32%         4
 Lee's Rapid Deconstruct  Erth           5%         3d6*      47%         5
 Alistair's Intoxication  Alch           2%         N/A       86%         5
 Summon Hydra             Summ           1%         N/A       100%        7
 Animate Armour           Summ/Erth      Unusable   N/A       N/A         4

Dungeon Overview and Level Annotations

Branches:
Dungeon (12/15)            Temple (0/1) D:5            Lair (2/5) D:9
  Swamp (0/4) Lair:2        Snake (0/4) Lair:2          Orc (2/2) D:12
    Elf (0/3) Orc:2       Volcano (visited)

Altars:
Cheibriados
Dithmenos
Gozag
Nemelex Xobeh
Trog
Uskayaw
Wu Jian
Xom
Yredelemnul

Shops:
D:1 :   D:8 =   D:9 *   D:11 !   Orc:2 [!*


Innate Abilities, Weirdness & Mutations

You have blades for main tentacles.
You are incapable of wielding weapons or throwing items.
You cannot wear most types of armour.
You are amphibious.
You can wear up to eight rings at the same time.
Your skin changes colour to match your surroundings (Stealth+).
Your rubbery body absorbs attacks. (AC +1, EV +1)
((You are camouflaged when in or above water. (Stealth+)))
You have tentacles for arms and can constrict up to eight enemies at once.


Message History

The bolt hits you!
There's nothing to close nearby.
Aiming: Throw Flame
Press: ? - help, Shift-Dir - straight line, f/p - orc warlord
Aim: an orc warlord, wielding a +0 arbalest and wearing a +0 plate armour (heavily wounded, 85% to hit)
The puff of flame hits the orc warlord!
The orc warlord is heavily wounded.
The orc warlord shoots a bolt.
The bolt misses you.
The orc warlord shoots a bolt.
The bolt hits you!
Aiming: Throw Flame
Press: ? - help, Shift-Dir - straight line, f/p - orc warlord
Aim: an orc warlord, wielding a +0 arbalest and wearing a +0 plate armour (heavily wounded, 85% to hit)
The puff of flame hits the orc warlord!
The orc warlord is severely wounded.
The orc warlord shoots a bolt.
The bolt completely misses you.
The orc warlord shoots a bolt.
The bolt hits you!!
The orc warlord unwields a +0 arbalest.
The orc warlord wields a +2 heavy dire flail.
You block the orc warlord's attack.
You hit the orc warlord but do no damage.
You grab the orc warlord.
The orc warlord is heavily wounded.
You constrict the orc warlord, but do no damage.
You hit the orc warlord.
You squeeze the orc warlord, but do no damage.
The orc warlord is severely wounded.
You constrict the orc warlord.
The orc warlord hits you with a +2 heavy dire flail!!
* * * LOW HITPOINT WARNING * * *
You hit the orc warlord. You squeeze the orc warlord!
The orc warlord is severely wounded.
You constrict the orc warlord, but do no damage.
Unknown command.
You hit the orc warlord.
You squeeze the orc warlord, but do no damage.
The orc warlord is severely wounded.
You constrict the orc warlord.
The orc warlord hits you with a +2 heavy dire flail!!!
You die...
Your body crumbles into a pile of gold.

.........###.........###..$$$....
...##......##.......##...$..##...
..####$.$$................$####..
.## ###.......8.8...$..$### ##.
## #####..$$$....##### ##
###########$###########
#....#(..##$##...#....# ##
##'##.#..$##o##...#.##'#### ~##
#...#.##'###@###'##.#...#.###
~P###...#....#..........#.$.##..#
...######....#.##'##....#######..
..#.##..#....#.#..$#....#..# #..
..####..$......#.$$#....'$(# #.#
...###..#$####$#####.####..# ##..
....#####.#$.#$..$......#### #...
.....####.'.$#.....####.######...
.....'....#$.#..⌠..#..#....'....#


You could see an orc warlord.

Vanquished Creatures
  Gastronok (D:10)
  Fannar (D:10)
  A hydra (Lair:2)
  An ogre mage (Orc:2)
  A dancing weapon (Volcano)
  The ghost of DeathSocks the Cleaver, a novice MiGl of Elyvilon (D:10)
  4 two-headed ogres
  4 death yaks (Lair:2)
  2 orc high priests (Orc:2)
  2 occultists (Volcano)
  Nergalle (Lair:2)
  2 spriggan druids (Lair:2)
  A lindwurm (Lair:2)
  6 orc sorcerers
  3 deep elf pyromancers
  4 orc knights (Orc:2)
  2 cyclopes
  An ugly thing (D:12)
  4 elephants (Lair:2)
  4 kobold blastminers (Orc:2)
  5 toenail golems (Volcano)
  6 cane toads
  A rime drake (Lair:2)
  2 unseen horrors (D:10)
  2 komodo dragons
  A kobold demonologist (D:11)
  3 trolls
  2 polar bears (Lair:2)
  2 hornets (Lair:2)
  The ghost of timneilson the Insei, an amateur OpSh of Gozag (D:3)
  9 blink frogs
  Sigmund (D:3)
  2 shadows (D:10)
  2 wraiths
  4 wyverns
  34 yaks
  A ynoxinul (D:10)
  2 basilisks (Lair:1)
  5 humans (Volcano)
  Grum (D:11)
  A steam dragon (D:7)
  5 wargs (Orc:2)
  7 vampire mosquitoes
  3 acid dragons
  12 water moccasins
  39 orc warriors
  3 ice beasts
  12 ogres
  6 black bears
  2 sky beasts
  2 wolves (D:11)
  12 centaurs
  2 kobold brigands
  Blork the orc (D:4)
  9 bullfrogs
  A gnoll sergeant (D:9)
  2 scorpions
  6 wights
  8 killer bees
  6 howler monkeys
  2 bombardier beetles
  7 hounds
  A gnoll bouda (D:9)
  22 orc priests
  4 jellies
  3 sleepcaps
  6 iguanas
  15 orc wizards
  The ghost of Driedwater the Magician, a weakling GnHW of Uskayaw (D:4)
  2 hound zombies (D:5)
  16 gnolls
  10 adders
  A white imp (D:6)
  2 ufetubi (D:6)
  A dart slug (D:4)
  3 ribbon worms
  89 orcs
  A bat (D:1)
  10 endoplasms
  2 giant cockroaches
  6 goblins
  10 hobgoblins
  2 jackals (D:9)
  A quokka (D:4)
  2 ball pythons
  2 frilled lizards (D:1)
  18 kobolds
  4 rats
514 creatures vanquished.

Vanquished Creatures (others)
  An unseen horror (D:11)
1 creature vanquished.

Grand Total: 515 creatures vanquished

Notes
Turn   | Place    | Note
-------+----------+-------------------------------------------
     0 | D:1      | timneilson the Octopode Shapeshifter began the quest for
                  | the Orb.
     0 | D:1      | Reached XP level 1. HP: 13/13 MP: 1/1
   252 | D:1      | Reached XP level 2. HP: 18/18 MP: 2/2
   261 | D:1      | Found Logiotz's Book Emporium.
  1268 | D:2      | Reached skill level 1 in Stealth
  1268 | D:2      | Reached XP level 3. HP: 13/23 MP: 3/3
  1530 | D:2      | Found a faded altar of an unknown god.
  2016 | D:3      | Found a sparkling altar of Nemelex Xobeh.
  2017 | D:3      | Found an opulent altar of Gozag.
  2022 | D:3      | Became a worshipper of Gozag Ym Sagoz the Greedy
  2036 | D:3      | Found a runed translucent gate.
  2036 | D:3      | Found a runed translucent gate.
  2036 | D:3      | Found a runed translucent gate.
  2036 | D:3      | Noticed timneilson's ghost (amateur OpSh)
  2039 | D:3      | Identified the +2 leather armour of Nubi {rElec Regen+}
  2121 | D:3      | Found a shimmering altar of Xom.
  2121 | D:3      | Found a shadowy altar of Dithmenos.
  2292 | D:3      | Noticed a kobold brigand
  2297 | D:3      | Noticed Sigmund
  2307 | D:3      | Killed Sigmund
  2308 | D:3      | Reached XP level 4. HP: 11/30 MP: 1/4
  2308 | D:3      | Reached XP level 5. HP: 13/35 MP: 1/5
  2308 | D:3      | Reached XP level 6. HP: 15/41 MP: 1/6
  2824 | D:4      | Noticed a black bear
  2830 | D:4      | Killed a black bear
  3068 | D:4      | Found a snail-covered altar of Cheibriados.
  3254 | D:4      | Found a runed translucent door.
  3259 | D:4      | Noticed Driedwater's ghost (weakling GnHW)
  3264 | D:4      | Reached XP level 7. HP: 39/46 MP: 5/7
  3272 | D:4      | Killed Driedwater's ghost
  3277 | D:4      | Found a runed translucent door.
  3693 | D:4      | Noticed Blork the orc
  3699 | D:4      | Killed Blork the orc
  3821 | D:4      | Reached skill level 5 in Unarmed Combat
  3948 | D:5      | Entered Level 5 of the Dungeon
  3968 | D:5      | Reached XP level 8. HP: 35/54 MP: 5/8
  4168 | D:5      | Reached skill level 5 in Shapeshifting
  4366 | D:5      | Found a staircase to the Ecumenical Temple.
  4369 | D:5      | Identified a scroll of acquirement
  4369 | D:5      | Acquired the ring of Moahun {Dex+4 SInv}
  4552 | D:5      | Reached skill level 5 in Dodging
  4691 | D:5      | Found a hide-covered altar of Uskayaw.
  4782 | D:5      | Found a basalt altar of Yredelemnul.
  4875 | D:6      | Reached skill level 5 in Fighting
  4875 | D:6      | Reached skill level 5 in Stealth
  4965 | D:6      | Acquired the amulet of the Philosopher {Reflect rPois rF+
                  | rC+ Int-5 SH+5}
  4978 | D:6      | Acquired 723 gold pieces
  4980 | D:6      | Acquired the +3 crown of Dyrovepreva {rElec Int+2 SInv}
  4980 | D:6      | Found the +3 crown of Dyrovepreva {rElec Int+2 SInv}
  5139 | D:6      | Reached XP level 9. HP: 52/61 MP: 9/9
  5276 | D:6      | Reached skill level 1 in Evocations
  6221 | D:7      | Found an ornate altar of the Wu Jian Council.
  6670 | D:7      | Noticed a deep elf pyromancer
  6803 | D:7      | Killed a deep elf pyromancer
  6841 | D:7      | Reached XP level 10. HP: 57/69 MP: 10/10
  6869 | D:7      | Identified the ring of Casuq {Str+6 Int+5}
  7154 | D:8      | Found Udeps's Jewellery Shoppe.
  7160 | D:8      | Bought the ring of Beogh's Regard {rPois Will+} for 470
                  | gold pieces
  7576 | D:8      | Found a bloodstained altar of Trog.
  7933 | D:9      | Found a staircase to the Lair.
  7951 | D:9      | Found Xajeloir's Assorted Antiques.
  8743 | D:10     | Entered Level 10 of the Dungeon
  8786 | D:8      | Bought a ring of protection from fire for 325 gold pieces
  8786 | D:8      | Bought a ring of protection from cold for 325 gold pieces
  8840 | D:10     | Found a runed translucent door.
  8849 | D:10     | Noticed DeathSocks's ghost (novice MiGl)
  8852 | D:10     | Noticed an unseen horror
  8865 | D:10     | Killed an unseen horror
  8867 | D:10     | Noticed an unseen horror
  8876 | D:10     | Killed an unseen horror
  9373 | D:10     | Noticed Fannar
  9383 | D:10     | Killed Fannar
  9384 | D:10     | Reached XP level 11. HP: 72/75 MP: 11/11
 10066 | D:10     | Noticed Gastronok
 10099 | D:10     | Killed Gastronok
 10657 | D:11     | Noticed Grum
 10666 | D:11     | Killed Grum
 11017 | D:11     | Identified the +0 chain mail of the Other Side {Fly rF+
                  | Int+4}
 11258 | D:11     | Bought a potion of experience for 700 gold pieces
 11258 | D:11     | Reached skill level 1 in Spellcasting
 11258 | D:11     | Reached skill level 1 in Translocations
 11258 | D:11     | Reached skill level 1 in Air Magic
 11258 | D:11     | Reached skill level 1 in Earth Magic
 11258 | D:11     | Reached skill level 5 in Evocations
 11258 | D:11     | Reached XP level 12. HP: 84/84 MP: 11/14
 11263 | D:11     | Learned a level 3 spell: Passwall
 11267 | D:11     | Learned a level 3 spell: Swiftness
 11376 | D:12     | Found a staircase to the Orcish Mines.
 11610 | D:12     | Noticed a two-headed ogre
 11620 | D:12     | Killed a two-headed ogre
 12722 | D:1      | Bought a book of Spatial Translocations for 180 gold pieces
 12725 | D:1      | Learned a level 2 spell: Blink
 12728 | D:1      | Learned a level 2 spell: Lesser Beckoning
 12891 | Lair:1   | Entered Level 1 of the Lair of Beasts
 12924 | Lair:1   | Reached XP level 13. HP: 87/90 MP: 16/16
 13185 | Lair:1   | Found the +8 whip "Snakebite" {venom, curare, rPois}
 13298 | Lair:1   | Reached skill level 10 in Unarmed Combat
 14389 | Lair:1   | Reached skill level 10 in Dodging
 14394 | Lair:1   | Reached skill level 10 in Stealth
 14985 | Lair:2   | Noticed Nergalle
 14991 | Lair:2   | Killed Nergalle
 15500 | Lair:2   | Reached skill level 10 in Fighting
 15648 | Lair:2   | Found a staircase to the Snake Pit.
 16221 | Lair:2   | Reached XP level 14. HP: 89/99 MP: 19/19
 16313 | Lair:2   | Found a staircase to the Swamp.
 16374 | Lair:2   | Reached skill level 10 in Shapeshifting
 16465 | D:8      | Bought a blade talisman for 390 gold pieces
 16465 | D:8      | Bought a ring of willpower for 325 gold pieces
 16465 | D:8      | Bought a ring of positive energy for 260 gold pieces
 16578 | Orc:1    | Entered Level 1 of the Orcish Mines
 16625 | Orc:1    | Found a dark tunnel.
 16632 | Volcano  | Entered a volcano
 17753 | Orc:2    | Entered Level 2 of the Orcish Mines
 19353 | Orc:2    | Found Uhechu's Distillery.
 19358 | Orc:2    | Bought a potion of haste for 120 gold pieces
 19358 | Orc:2    | Bought a potion of curing for 36 gold pieces
 19358 | Orc:2    | Bought a potion of haste for 120 gold pieces
 19358 | Orc:2    | Bought a potion of curing for 36 gold pieces
 19358 | Orc:2    | Bought a potion of heal wounds for 60 gold pieces
 19529 | D:10     | Killed DeathSocks's ghost
 19676 | D:3      | Killed timneilson's ghost
 19955 | Orc:2    | Found Nycwe's Armour Shoppe.
 20193 | Orc:2    | Learned a level 1 spell: Apportation
 20297 | Orc:2    | Found a staircase to the Elven Halls.
 20597 | Orc:2    | Found Pouxuri's Assorted Antiques.
 20623 | Orc:2    | HP: 4/101 [orc warrior/+0 hand axe (5)]
 21129 | Orc:2    | Noticed an orc warlord
 21400 | Orc:2    | Annihilated by an orc warlord

Illustrated notes

Levels and vault maps discovered:
D:1:      dpeg_arrival_stone_temple_mockup, layout_loops_corners, serial_shops,
          shop, minmay_split_cup_large
D:2:      layout_basic, chequers_ecumenical_altar_grove, chequers_jeans
D:3:      cheibrodos_thug_alley, layout_rooms, grunt_temple_overflow_opulence,
          grunt_temple_overflow_open, biasface_ghost_orc_armoury, uniq_sigmund
D:4:      minmay_razor_zed, layout_gridville, cheibriados_altar_1,
          ebering_ghost_sewer_f, serial_bayou, serial_bayou_pond_d,
          serial_bayou_shore_b, serial_bayou_pond_a, serial_bayou_shore_b,
          uniq_blork_the_orc
D:5:      layout_rooms, lemuel_doored_altar, lemuel_zombie_altar_yredelemnul,
          minmay_temple_entry_overgrown, nicolae_underground_beach
D:6:      layout_basic
D:7:      minmay_clustersquares, layout_loops_cross,
          mainiacjoe_overflow_catwalk, kennysheep_windowed_goal
D:8:      layout_loops_ring, general_overflow_altar, serial_shops,
          nicolae_diamond_shop
D:9:      layout_cave_pools, lair_entry_dummy, serial_gnoll_camp,
          gnoll_camp_mini_shop, gnoll_camp_medium_02, gnoll_camp_mini_hut,
          gnoll_camp_mini_hut
D:10:     layout_irregular_city, hellmonk_ghost_big_iron,
          minmay_gold_behind_fungi, uniq_fannar, uniq_gastronok
D:11:     layout_loops_ring, uniq_grum
D:12:     layout_grid_maze, orc_0_dummy
Lair:1:   minmay_guarded_unrand_snakebite, layout_cave_pods,
          beast_lair_carwin_10, grunt_megastairs_1
Lair:2:   layout_layer_cave, mainiacjoe_swamp_entry_angry_trees,
          dummy_snake_entry, uniq_nergalle
Orc:1:    layout_caves, nicolae_volcano_entry_s_turn,
          nicolae_orc_takin'_care_of_business
Orc:2:    pubby_orc_utopia

Skill      XL: |  1  2  3  4  5  6  7  8  9 10 11 12 13 14 |
---------------+-------------------------------------------+-----
Stealth        | 1 2 3 4 5 6 7 9 10 11 | 11.4
Fighting       | 2 3 4 5 6 7 8 9 10 11 | 11.1
Dodging        | 3 4 5 6 7 9 10 11 | 11.4
Unarmed Combat | 4 5 6 7 8 9 10 11 | 11.6
Shapeshifting  | 4 5 6 7 8 9 10 | 10.6
Evocations     | 2 4 5 6 7 |  7.7
Spellcasting   | 1 2 3 4 |  4.7
Translocations | 1 2 3 4 |  4.2
Air Magic      | 1 3 |  3.8
Earth Magic    | 1 3 |  3.0

Action                     |  1- 3 |  4- 6 |  7- 9 | 10-12 | 13-15 || total
---------------------------+-------+-------+-------+-------+-------++-------
  Melee: Unarmed           |    69 |    38 |   198 |   343 |   723 ||  1371
         Constrict         |    15 |    11 |    44 |    61 |   106 ||   237
         Tentacles         |     9 |     9 |    49 |    89 |   210 ||   366
         Punch             |     1 |     2 |    10 |     4 |    20 ||    37
  Throw: Dart              |       |     6 |    42 |     6 |       ||    54
   Cast: Blink             |       |       |       |       |     2 ||     2
         Passwall          |       |       |       |       |     2 ||     2
 Invoke: Call Merchant     |       |       |       |     1 |       ||     1
  Evoke: Wand              |       |       |       |     5 |    11 ||    16
    Use: Scroll            |    11 |       |    11 |     5 |     6 ||    33
         Potion            |     1 |       |     2 |     2 |     6 ||    11
   Stab: Sleeping          |    12 |     2 |    10 |    10 |    29 ||    63
         Distracted        |       |       |     2 |     6 |     4 ||    12
         Invisible         |       |       |       |       |     6 ||     6
 Armour: Skin              |    19 |    12 |    73 |    96 |   181 ||   381
  Dodge: Dodged            |    30 |    10 |   110 |   282 |   401 ||   833
  Block: Other             |       |       |    13 |    77 |    90 ||   180
         Reflection        |       |       |       |    12 |     3 ||    15
   Form: Flux              |       |       |       |     1 |       ||     1
         Blade             |       |       |       |       |     1 ||     1

Table legend: (Time is in decaauts)
 A = Elapsed time spent in this place.
 B = Non-inter-level travel time spent in this place.
 C = Inter-level travel time spent in this place.
 D = Time resting spent in this place.
 E = Time spent auto-exploring this place.
 F = Levels seen in this place.
 G = Mean time per level.
                   A        B        C        D        E       F      G
               +--------+--------+--------+--------+--------+-----+--------+
         Total |  21209 |  19273 |   1936 |   4243 |   7525 |  17 | 1247.6 |
       Dungeon |  13497 |  11902 |   1595 |   1761 |   6071 |  12 | 1124.8 |
          Lair |   3405 |   3198 |    207 |    753 |   1023 |   2 | 1702.5 |
  Orcish Mines |   4008 |   3875 |    133 |   1662 |    431 |   2 | 2004.0 |
       Volcano |    298 |    298 |      0 |     67 |      0 |   1 |  298.0 |
               +--------+--------+--------+--------+--------+-----+--------+

Top non-repeatable levels by time:
   Orc:2: 2550 daAuts
  Lair:1: 2000 daAuts
    D:10: 1793 daAuts
   Orc:1: 1457 daAuts
  Lair:2: 1404 daAuts
    D:12: 1336 daAuts
     D:6: 1281 daAuts
     D:4: 1203 daAuts
     D:1: 1061 daAuts
     D:5: 1016 daAuts
     D:2: 1016 daAuts
     D:9: 996 daAuts
     D:3: 975 daAuts
     D:7: 969 daAuts
     D:8: 966 daAuts
